 Dungeon Crawl Stone Soup version 0.29-a0-370-gb5314be063 (webtiles) character file.

Game seed: 4405825815444664399

30 Bruhh the Ducker (level 3, 35/35 HPs)
             Began as a Gnoll Monk on May 2, 2022.
             Was a Believer of Vehumet.
             Quit the game on level 1 of the Dungeon.
             The game lasted 00:01:22 (715 turns).

Bruhh the Ducker (Gnoll Monk)                        Turns: 715, Time: 00:01:22

Health: 35/35      AC:  5    Str: 12    XL:     3   Next: 18%
Magic:  3/3        EV: 13    Int:  9    God:    Vehumet [**....]
Gold:   68         SH:  3    Dex: 14    Spells: 3/3 levels left

rFire   . . .      SeeInvis .   a - +0 hand axe
rCold   . . .      Faith    .   f - +0 buckler
rNeg    . . .      Spirit   .   d - +0 leather armour
rPois   .          Reflect  .   g - +2 hat
rElec   .          Harm     .   (no cloak)
rCorr   .          Rampage  .   (no gloves)
Will    .....                   (no boots)
Stlth   ++........              (no amulet)
HPRegen 0.11/turn               (no ring)
MPRegen 0.08/turn               (no ring)

@: no status effects
A: fangs 1, strong nose, distributed training
a: Renounce Religion


You were on level 1 of the Dungeon.
You worshipped Vehumet.
Vehumet was pleased with you.
You visited 1 branch of the dungeon, and saw 1 of its levels.

You collected 68 gold pieces.

Inventory:

Hand Weapons
 a - a +0 hand axe (weapon)
Armour
 b - a +0 robe
 d - a +0 leather armour (worn)
 f - a +0 buckler (worn)
 g - a +2 hat (worn)
Scrolls
 h - 4 scrolls of identify {unknown}
 i - a scroll of holy word {unknown}
 j - 2 scrolls of amnesia {unknown}
Potions
 c - a potion of ambrosia
 e - a potion of mutation {unknown}


   Skills:
 + Level 6.5 Fighting
 + Level 0.6 Short Blades
 + Level 0.6 Long Blades
 + Level 6.5 Axes
 + Level 0.6 Maces & Flails
 + Level 0.6 Polearms
 + Level 0.6 Staves
 + Level 0.6 Slings
 + Level 0.6 Bows
 + Level 0.6 Crossbows
 + Level 0.6 Throwing
 + Level 0.6 Armour
 + Level 6.5 Dodging
 + Level 4.1 Stealth
 + Level 0.6 Shields
 + Level 0.6 Unarmed Combat
 + Level 0.6 Spellcasting
 + Level 0.4 Conjurations
 + Level 0.4 Hexes
 + Level 0.4 Summonings
 + Level 0.4 Necromancy
 + Level 0.4 Translocations
 + Level 0.4 Transmutations
 + Level 0.4 Fire Magic
 + Level 0.4 Ice Magic
 + Level 0.4 Air Magic
 + Level 0.4 Earth Magic
 + Level 0.4 Poison Magic
 + Level 0.8 Invocations
 + Level 0.6 Evocations


You had 3 spell levels left.
You didn't know any spells.
Your spell library contained the following spells:

 Spells                   Type           Power      Damage    Failure   Level
 Shock                    Conj/Air       4%         1d3       50%         1
 Inner Flame              Hex/Fire       1%         N/A       86%         3
 Cause Fear               Hex            0%         N/A       99%         4
 Discord                  Hex            0%         N/A       100%        8


Dungeon Overview and Level Annotations

Branches:
Dungeon (1/15)

Altars:
Vehumet


Innate Abilities, Weirdness & Mutations

You have very sharp teeth.
Your uncanny sense of smell can sniff out nearby items.
Your experience applies equally to all skills.


Message History

An endoplasm is nearby!
An endoplasm is nearby!
An endoplasm is nearby!
Found 9 gold pieces.
The helpless endoplasm fails to defend itself.
You hit the endoplasm.
The endoplasm is moderately wounded.
You hit the plant but do no damage. The endoplasm freezes you.
You are frozen.
You hit the endoplasm.
The endoplasm is almost dead.
You hit the plant.
The plant begins to die.
The endoplasm hits you but does no damage.
You hit the endoplasm.
You kill the endoplasm!
You hit the plant.
No target in view!
No target in view!
A nearby plant withers and dies.
Found 7 gold pieces.
There is a faded altar of an unknown god here.
You cannot tell which god this altar belongs to.
Convert to them anyway?
Okay, then.
You cannot tell which god this altar belongs to.
Convert to them anyway?
Vehumet accepts your prayer! Vehumet welcomes you!
You can now gain magical power from killing.
Vehumet offers you knowledge of Shock.
You now have 61 gold pieces (gained 9).
You now have 68 gold pieces (gained 7).
There is a radiant altar of Vehumet here.
j - 2 scrolls labelled JOBRECRAORO (gained 1) Key pressed, stopping explore.
There is a radiant altar of Vehumet here.
A kobold comes into view. It is wielding a +0 dagger.
A kobold is nearby!
A kobold is nearby!
A kobold is nearby!
Are you sure you want to abandon this character and quit the game? (Confirm with "yes".)

#..[....#............#......#
#.......##########..###....##
########### #.#########..#.#
#.###....#PP..###.# ##
#P......#P..P.P.####
#.##.PP....#...P...##.#
#....P.P.P#.P.....P.##
#....P.P.P_.......P.#
#....@.P..#.........#
#K##P.P....#......P###
#..P.P..#P....P.##
#.###...P#P.P.###.# ##
#.#########.#### ### ###


You could see a kobold (asleep).

Vanquished Creatures
  A dart slug (D:1)
  3 ball pythons (D:1)
  5 bats (D:1)
  2 endoplasms (D:1)
  3 giant cockroaches (D:1)
  A goblin (D:1)
  3 hobgoblins (D:1)
  2 quokkas (D:1)
  A frilled lizard (D:1)
  A kobold (D:1)
  A rat (D:1)
23 creatures vanquished.

Vanquished Creatures (others)
  A plant (D:1)
1 creature vanquished.

Grand Total: 24 creatures vanquished

Notes
Turn   | Place    | Note
-------+----------+-------------------------------------------
     0 | D:1      | Bruhh the Gnoll Monk began the quest for the Orb.
     0 | D:1      | Reached XP level 1. HP: 23/23 MP: 1/1
   112 | D:1      | Reached XP level 2. HP: 28/29 MP: 2/2
   447 | D:1      | Reached XP level 3. HP: 28/35 MP: 3/3
   612 | D:1      | Found a faded altar of an unknown god.
   629 | D:1      | Prayed at the altar of an unknown god.
   629 | D:1      | Became a worshipper of Vehumet
   629 | D:1      | Reached * piety under Vehumet
   629 | D:1      | Offered knowledge of Shock by Vehumet.
   629 | D:1      | Reached ** piety under Vehumet
   715 | D:1      | Quit the game

Illustrated notes

Levels and vault maps discovered:
D:1:      lemuel_arrival_muddy, layout_basic, shapermc_ecumenical_altar_gd,
          minmay_misc_feat_cross, chequers_serial_rivers_large_a

Action                   || total
-------------------------++-------
Melee: Hand axe          ||    57
       Bite              ||     1
 Stab: Sleeping          ||     2
Armor: Leather armour    ||    16
       Robe              ||     1
Dodge: Dodged            ||    49
Block: Buckler           ||     6

Table legend: (Time is in decaauts)
 A = Elapsed time spent in this place.
 B = Non-inter-level travel time spent in this place.
 C = Inter-level travel time spent in this place.
 D = Time resting spent in this place.
 E = Time spent auto-exploring this place.
 F = Levels seen in this place.
 G = Mean time per level.
                   A        B        C        D        E       F      G
               +--------+--------+--------+--------+--------+-----+--------+
         Total |    719 |    719 |      0 |      0 |    535 |   1 |  719.0 |
       Dungeon |    719 |    719 |      0 |      0 |    535 |   1 |  719.0 |
               +--------+--------+--------+--------+--------+-----+--------+

Top non-repeatable levels by time:
     D:1: 719 daAuts
